 Dungeon Crawl Stone Soup version 0.21-a0-111-g52d2817 (webtiles) character file.

455 sagitran the Skirmisher (level 6, 0/72 HPs)
             Began as a Demonspawn Abyssal Knight on July 11, 2017.
             Was a Believer of Lugonu.
             Slain by a wight
             ... wielding a +3 morningstar of freezing
              (1 damage)
             ... on level 4 of the Dungeon.
             The game lasted 00:15:01 (3088 turns).

sagitran the Skirmisher (Demonspawn Abyssal Knight) Turns: 3088, Time: 00:15:02

Health: 0/72       AC: 13    Str: 19    XL:     6   Next: 76%
Magic:  7/7        EV:  7    Int: 17    God:    Lugonu [**....]
Gold:   153        SH:  3    Dex:  8    Spells: 5/5 levels left

rFire    . . .     SeeInvis .   g - +7 whip of Profit {drain, +Inv rPois Dex-5}
rCold    . . .     Gourm    .   m - +0 buckler
rNeg     . . .     Faith    .   f - +0 chain mail
rPois    +         Spirit   .   e - +0 helmet
rElec    .         Reflect  .   (no cloak)
rCorr    .         Harm     .   (no gloves)
MR       .....                  (no boots)
Stlth    ..........             (no amulet)
HPRegen  0.22/turn              p - +4 ring of intelligence
MPRegen  0.10/turn              (no ring)

@: berserking, drained, very quick
A: slimy green scales 2, spiny 1
a: Depart the Abyss, Bend Space, Renounce Religion, Evoke Invisibility


You were on level 4 of the Dungeon.
You worshipped Lugonu.
Lugonu was pleased with you.
You were not hungry.

You visited 1 branch of the dungeon, and saw 6 of its levels.
You visited the Abyss 1 time.

You collected 153 gold pieces.

Inventory:

Hand Weapons
 a - a +1 spear
 g - the +7 whip of Profit (weapon) {drain, +Inv rPois Dex-5}
   (You found it on level 4 of the Dungeon)

   A truly terrible weapon, it drains the life of those it strikes.
   It affects your dexterity (-5).
   It protects you from poison.
   It lets you turn invisible.
Armour
 b - a +0 leather armour
 e - a +0 helmet (worn)
 f - a +0 chain mail (worn)
 m - a +0 buckler (worn)
Jewellery
 p - a +4 ring of intelligence (left hand)
Scrolls
 h - 2 scrolls of recharging {unknown}
 j - a scroll of immolation {unknown}
 k - 3 scrolls of identify {unknown}
 n - a scroll of remove curse {unknown}
 o - a scroll of enchant weapon {unknown}
 t - a scroll of magic mapping {unknown}
Potions
 i - a potion of heal wounds {unknown}
 l - a potion of curing {unknown}
 q - a potion of degeneration {unknown}
 r - a potion of magic {unknown}
 s - a potion of brilliance {unknown}
Comestibles
 c - 2 bread rations


   Skills:
 + Level 4.2 Fighting
 + Level 0.1 Maces & Flails
 + Level 4.1 Polearms
 + Level 3.1(3.0) Armour
 + Level 2.4 Dodging
 + Level 1.2(1.1) Stealth
 + Level 1.3 Shields
 + Level 2.6 Invocations


You had 5 spell levels left.
You didn't know any spells.

Dungeon Overview and Level Annotations

Branches:
Dungeon (6/15)
 Temple: D:4-7

Altars:
Gozag
Okawaru
Vehumet


Innate Abilities, Weirdness & Mutations

You are mostly covered in slimy green scales. (AC +3)
You are partially covered in sharp spines.


Message History

The wight is struck by your spines.
You destroy the wight!
Lugonu accepts your kill. The wight is struck by your spines.
The wight barely misses you.
You closely miss the wight.
The wight is lightly damaged.
The wight closely misses you. The worm bites you but does no damage.
You whack the wight!
The wight is severely damaged.
The wight closely misses you.
You whack the wight!
You destroy the wight!
Lugonu accepts your kill. The worm bites you but does no damage.
Your chain mail prevents you from hitting the worm.
The worm is moderately wounded.
The wight hits you with a morningstar of freezing.
* * * LOW HITPOINT WARNING * * *
The wight freezes you.
You die...

.........†......#
...##..##...#####
...##.###...#
......##....#
..........[.#
........#...####
........#......##### #
....###.....##..)w.#....
.#### ###..##...@)......
## #..#.....z...... #
#..#............
##.#............ ..
#.............. (.
#.............. ..
#.............. ..
#.............. ..


You could see a worm and a wight.

Vanquished Creatures
  The ghost of sagitran the Skirmisher, an amateur DsAK of Lugonu (D:4)
  2 wights (D:4)
  2 hounds (D:4)
  An iguana (D:4)
  Jessica (D:2)
  A worker ant (D:4)
  2 adders (D:2)
  2 oozes
  An adder skeleton (D:4)
  2 worms (D:3)
  2 dart slugs
  5 leopard geckos
  3 bats
  5 giant cockroaches
  5 goblins
  9 hobgoblins
  4 jackals (D:1)
  A quokka (D:3)
  7 frilled lizards
  5 kobolds
  A quokka skeleton (D:4)
  5 rats
67 creatures vanquished.

Notes
Turn   | Place    | Note
-------+----------+-------------------------------------------
     0 | Abyss:1  | sagitran the Demonspawn Abyssal Knight began the quest for the Orb.
     0 | Abyss:1  | Reached XP level 1. HP: 18/18 MP: 2/2
    32 | Abyss:1  | Noticed an ancient zyme
    32 | D:1      | Escaped the Abyss
   138 | D:1      | Reached skill level 1 in Dodging
   418 | D:1      | Reached * piety under Lugonu
   418 | D:1      | Gained mutation: You are partially covered in sharp spines. [demonic ancestry]
   418 | D:1      | Reached XP level 2. HP: 18/24 MP: 3/3
   757 | D:1      | Reached XP level 3. HP: 19/29 MP: 4/4
  1023 | D:2      | Found an iron altar of Okawaru.
  1032 | D:2      | Found an opulent altar of Gozag.
  1033 | D:2      | Found a radiant altar of Vehumet.
  1328 | D:2      | Noticed Jessica
  1341 | D:2      | Killed Jessica
  1383 | D:2      | Gained mutation: You are partially covered in slimy green scales. (AC +2) [demonic ancestry]
  1383 | D:2      | Reached XP level 4. HP: 25/36 MP: 5/5
  1757 | D:2      | Reached skill level 1 in Stealth
  1773 | D:2      | Reached ** piety under Lugonu
  2348 | D:4      | Gained mutation: You are mostly covered in slimy green scales. (AC +3) [demonic ancestry]
  2348 | D:4      | Reached XP level 5. HP: 36/42 MP: 6/6
  2412 | D:5      | Entered Level 5 of the Dungeon
  2637 | D:4      | Noticed sagitran's ghost (amateur DsAK)
  2704 | D:4      | Killed sagitran's ghost
  2704 | D:4      | Reached skill level 1 in Shields
  2704 | D:4      | Reached XP level 6. HP: 23/48 MP: 7/7
  2935 | D:4      | Got a faintly glowing whip
  2936 | D:4      | Identified the +7 whip of Profit {drain, +Inv rPois Dex-5} (You found it on level 4 of the Dungeon)
  3088 | D:4      | HP: 1/72 [wight/morningstar of freezing (5)]
  3088 | D:4      | Slain by a wight

Vault maps used:
D:1:      onia_arrival_mini_spirals, minmay_three_crescents
D:2:      okawaru_gym_becter, gammafunk_temple_overflow_pools, first_bread,
          serial_park_tiny_pond, minmay_tall_x, uniq_jessica
D:4:      temple_statues, xom_redecorated, uniq_duvessa
D:5:      minmay_misc_feat_tower, minmay_item_behind_shaft,
          grunt_decor_mini_mirrors, guppyfry_shop_venom, uniq_crazy_yiuf_cottage
D:6:      lemuel_zombie_altar_kikubaaqudgha, nicolae_overflow_crystal_walls

Skill      XL: |  1  2  3  4  5  6 |
---------------+-------------------+-----
Dodging        | 1 2 |  2.4
Polearms       | 2 3 4 |  4.1
Armour         | 2 3 |  3.1
Stealth        | 1 |  1.2
Fighting       | 4 |  4.2
Shields        | 1 |  1.3
Maces & Flails | |  0.1
Invocations    | |  2.6

Action                   |  1- 3 |  4- 6 || total
-------------------------+-------+-------++-------
Melee: Spear             |    83 |   160 ||   243
       Whip              |       |    23 ||    23
Invok: Depart the Abyss  |     1 |       ||     1
  Use: Potion            |       |     3 ||     3
 Stab: Sleeping          |     2 |       ||     2
  Eat: Bread ration      |     1 |     1 ||     2
Armor: Leather armour    |    14 |       ||    14
       Chain mail        |     1 |    59 ||    60
       Skin              |       |    82 ||    82
Dodge: Dodged            |    47 |    46 ||    93
Block: Buckler           |       |    26 ||    26
